 Dungeon Crawl Stone Soup version 0.29-a0-668-g12ee2bf84d (webtiles) character file.

Game seed: 17805304467941197174

192 hquester1 the Shield-Bearer (level 5, -3/47 HPs)
             Began as a Minotaur Fighter on June 23, 2022.
             Slain by a river rat (5 damage)
             ... in a sewer.
             The game lasted 00:06:30 (2562 turns).

hquester1 the Shield-Bearer (Minotaur Fighter)      Turns: 2562, Time: 00:06:31

Health: -3/47      AC:  7    Str: 21    XL:     5   Next: 42%
Magic:  4/4        EV: 10    Int:  5    God:
Gold:   81         SH:  5    Dex: 11    Spells: 4/4 levels left

rFire   . . .      SeeInvis +   a - +0 flail
rCold   . . .      Faith    .   c - +0 buckler
rNeg    . . .      Spirit   .   b - +0 scale mail
rPois   .          Reflect  .   (helmet restricted)
rElec   .          Harm     .   g - scarf {shadows}
rCorr   .          Rampage  .   (no gloves)
Will    .....                   (no boots)
Stlth   ..........              (no amulet)
HPRegen 0.15/turn               m - ring of see invisible
MPRegen 0.09/turn               (no ring)

@: no status effects
A: horns 2, retaliatory headbutt
a: no special abilities


You were in a sewer.
You visited 1 branch of the dungeon, and saw 3 of its levels.
You also visited: Sewer.

You collected 81 gold pieces.

Inventory:

Hand Weapons
 a - a +0 flail (weapon)
Armour
 b - a +0 scale mail (worn)
 c - a +0 buckler (worn)
 g - a scarf of shadows (worn)
 p - a scarf of invisibility
Jewellery
 m - a ring of see invisible (left hand)
Scrolls
 h - a scroll of poison {unknown}
 i - 3 scrolls of blinking {unknown}
 j - 5 scrolls of identify {unknown}
 k - a scroll of enchant weapon {unknown}
 q - 3 scrolls of noise
 s - a scroll of summoning {unknown}
 t - a scroll of teleportation {unknown}
Potions
 d - 2 potions of might
 e - a potion of heal wounds
 f - 2 potions of curing
 l - a potion of lignification {unknown}
 n - a potion of mutation {unknown}
 o - a potion of invisibility {unknown}
 r - 3 potions of flight


   Skills:
 + Level 4.7 Fighting
 + Level 3.7 Maces & Flails
 + Level 4.7 Armour
 + Level 2.0 Dodging
 + Level 4.7 Shields


You had 4 spell levels left.
You didn't know any spells.
Your spell library contained the following spells:

 Spells                   Type           Power      Damage    Failure   Level
 Ensorcelled Hibernation  Hex/Ice        0%         N/A       95%         2
 Spider Form              Tmut/Pois      0%         N/A       99%         3
 Anguish                  Hex/Necr       0%         N/A       100%        4


Dungeon Overview and Level Annotations

Branches:
Dungeon (3/15)              Sewer (1/1)

Altars:


Innate Abilities, Weirdness & Mutations

You have a pair of horns on your head.
You reflexively headbutt those who attack you in melee.


Message History

The river rat bites you.
You sock the river rat!
The river rat is almost dead.
The river rat bites you.
The river rat bites you but does no damage.
You barely miss the river rat. You headbutt the river rat.
You kill the river rat!
The river rat bites you but does no damage.
You hit the river rat.
The river rat is moderately wounded.
You block the river rat's attack. The river rat completely misses you.
You furiously retaliate!
You headbutt the river rat!
You kill the river rat!
Your Dodging skill increases to level 2!
The river rat bites you.
You see here a river rat corpse.
You hit the river rat.
The river rat is moderately wounded.
The river rat barely misses you.
You closely miss the river rat.
You headbutt the river rat, but do no damage.
The river rat is moderately wounded.
The river rat bites you but does no damage.
The river rat completely misses you. You block the river rat's attack.
The river rat bites you.
You barely miss the river rat. You headbutt the river rat.
The river rat is heavily wounded.
The river rat bites you. The river rat bites you!
You hit the river rat but do no damage. Your headbutt misses the river rat.
The river rat is heavily wounded.
You block the river rat's attack. The river rat bites you.
* * * LOW HITPOINT WARNING * * *
You hit the river rat but do no damage. You headbutt the river rat.
The river rat is severely wounded.
The river rat bites you!
* * * LOW HITPOINT WARNING * * *
You block the river rat's attack. The river rat bites you.
* * * LOW HITPOINT WARNING * * *
The river rat bites you.
You die...

≈≈≈#######################≈≈≈####
≈≈≈# #≈≈≈#
.≈.#######################≈≈≈#
÷≈≈≈.≈≈≈≈†.≈.≈.≈≈≈≈≈.≈≈≈≈≈≈≈.#
.≈.≈≈≈≈≈≈≈≈≈≈≈≈≈≈≈≈≈≈≈≈≈≈≈.≈.#
≈≈≈≈≈≈≈≈...≈≈≈≈≈≈≈.≈≈≈≈≈≈..≈≈#
≈≈≈#######################≈≈≈#
.≈≈# ###### ###### #≈≈≈# .≈≈#
#....# #..@.# #.≈.#
≈≈≈#####''#####rr##### #≈≈≈#
≈≈≈≈≈...............∩# #≈≈≈#
.≈≈≈.≈..............∩# #≈≈.#
≈≈≈#####++#####++##### #.≈≈# .≈≈#
#≈≈≈# ≈≈≈# #≈≈≈#
≈≈≈#######################≈≈≈####
≈≈≈≈..≈.≈≈≈≈≈≈≈≈.≈≈≈≈≈.≈≈≈≈.≈≈.≈≈


You could see 2 river rats.

Vanquished Creatures
  3 adders
  7 river rats
  3 worms
  2 dart slugs
  11 bats
  8 endoplasms
  A giant cockroach (D:1)
  A goblin (D:2)
  4 hobgoblins (D:1)
  12 jackals
  3 kobolds
  8 quokkas
  12 ball pythons
  8 frilled lizards
  5 rats
88 creatures vanquished.

Notes
Turn   | Place    | Note
-------+----------+-------------------------------------------
     0 | D:1      | hquester1 the Minotaur Fighter began the quest for the Orb.
     0 | D:1      | Reached XP level 1. HP: 19/19 MP: 0/0
   247 | D:1      | Reached XP level 2. HP: 18/27 MP: 1/1
   720 | D:1      | Reached XP level 3. HP: 25/33 MP: 2/2
   814 | D:1      | Found a faded altar of an unknown god.
  1162 | D:2      | Reached skill level 1 in Dodging
  1622 | D:2      | Reached XP level 4. HP: 40/40 MP: 3/3
  1862 | D:3      | Found a glowing drain.
  1904 | Sewer    | Entered a sewer
  1910 | Sewer    | HP: 2/41 [river rat (5)]
  1927 | Sewer    | Reached XP level 5. HP: 30/47 MP: 4/4
  2562 | Sewer    | HP: 2/47 [river rat (5)]
  2562 | Sewer    | Slain by a river rat

Illustrated notes

Levels and vault maps discovered:
D:1:      scummos_arrival_simple_fountains, layout_rooms,
          shapermc_ecumenical_altar_pompeii, roderic_lattice_a,
          hangedman_abyss_or_decor_lesser_grid
D:2:      layout_loops_ring, minmay_pentomino_v2
D:3:      layout_loops_ring, portal_sewer_entry_b, uniq_ijyb
Sewer:    sewer_fruit_machine

Skill      XL: |  1  2  3  4  5 |
---------------+----------------+-----
Fighting       | 4 |  4.7
Armour         | 4 |  4.7
Shields        | 4 |  4.7
Maces & Flails | 3 |  3.7
Dodging        | 1 2 |  2.0

Action                   |  1- 3 |  4- 6 || total
-------------------------+-------+-------++-------
Melee: Flail             |    98 |   110 ||   208
       Headbutt          |    12 |    21 ||    33
  Use: Potion            |       |     6 ||     6
Armor: Scale mail        |    56 |    63 ||   119
Dodge: Dodged            |    56 |    81 ||   137
Block: Buckler           |    20 |    44 ||    64

Table legend: (Time is in decaauts)
 A = Elapsed time spent in this place.
 B = Non-inter-level travel time spent in this place.
 C = Inter-level travel time spent in this place.
 D = Time resting spent in this place.
 E = Time spent auto-exploring this place.
 F = Levels seen in this place.
 G = Mean time per level.
                   A        B        C        D        E       F      G
               +--------+--------+--------+--------+--------+-----+--------+
         Total |   2736 |   2683 |     53 |    111 |   1647 |   4 |  684.0 |
       Dungeon |   1943 |   1890 |     53 |      0 |   1474 |   3 |  647.7 |
         Sewer |    792 |    792 |      0 |    111 |    173 |   1 |  792.0 |
               +--------+--------+--------+--------+--------+-----+--------+

Top non-repeatable levels by time:
     D:1: 1159 daAuts
   Sewer: 792 daAuts
     D:2: 683 daAuts
     D:3: 100 daAuts
